 Dungeon Sprint DCSS version 0.17-a0-1583-g2df49ec (webtiles) character file.

14100000 nuthulu the Conqueror (level 27, -336/273 HPs)
             Began as a Ghoul Monk on July 28, 2015.
             Was the Champion of Makhleb.
             Annihilated by a fleshlord
             ... wielding a +9 great mace
              (345 damage)
             ... in the Dungeon (Sprint VIII: "Arena of Blood").
             The game lasted 00:09:00 (141 turns).

nuthulu the Conqueror (Ghoul Monk)                   Turns: 141, Time: 00:09:00

Health: -336/273   AC:  4    Str: 21    XL:     27
Magic:  45/53      EV: 34    Int:  5    God:    Makhleb [******]
Gold:   0          SH:  0    Dex: 18    Spells: 0 memorised, 80 levels left

rFire  . . .     SeeInvis .     i - +∞ Axe of Woe
rCold  + . .     Clarity  .     a - +0 robe
rNeg   + + +     SustAt   .     (no shield)
rPois  ∞         Gourm    .     (no helmet)
rElec  .         Spirit   .     (no cloak)
rCorr  .         Warding  .     (no gloves)
rMut   .         NoTele   +     (no boots)
MR     ++...                    (no amulet)
Stlth  +++++++++.               (no ring)
                                (no ring)

@: marked, rotting, slowed, very slow, very resistant to hostile enchantments,
incredibly stealthy
A: rotting body, claws 1, carnivore 3, cold resistance 1, negative energy
resistance 3, slow healing 1, torment resistance, unbreathing
a: Minor Destruction, Lesser Servant of Makhleb, Major Destruction, Greater
Servant of Makhleb, Renounce Religion


You were in the Dungeon.
You worshipped Makhleb.
Makhleb was exalted by your worship.
You were not hungry.

You visited 1 branch

Inventory:

Hand weapons
 i - the +∞ Axe of Woe (weapon)
   (You found it in the Dungeon)
Armour
 a - a +0 robe (worn)
Scrolls
 h - a scroll of blinking
Potions
 c - a potion of curing
 d - a potion of heal wounds
 e - a potion of haste
 f - 2 potions of magic
 g - a potion of berserk rage
Comestibles
 b - a meat ration


   Skills:
 O Level 27 Fighting
 O Level 27 Axes
 O Level 27 Throwing
 O Level 27 Armour
 O Level 27 Dodging
 O Level 27 Stealth
 O Level 27 Unarmed Combat
 O Level 27 Spellcasting
 O Level 27 Invocations


You had 80 spell levels left.
You didn't know any spells.

Dungeon Overview and Level Annotations

Branches:
Dungeon (1/1)

Altars:
Makhleb


Innate Abilities, Weirdness & Mutations

Your body is rotting away.
You thrive on raw meat.
You are immune to poison.
You have sharp fingernails.
You are carnivorous and can eat meat at any time.
Your flesh is cold resistant.
You are immune to negative energy.
You heal slowly when monsters are visible.
You are immune to unholy pain and torment.
You can survive without breathing.


Message History

You chop the crawling corpse into pieces.
You destroy the crawling corpse!
You slice the destroyer!!
You cleave the destroyer in twain.
You destroy the destroyer!
Makhleb accepts your kill. The fleshlord casts a spell at you.
You feel as though you will be slow longer.
The bag of meat moves out of view.
The fleshlord mumbles some strange words.
The fleshlord seems to speed up.
The fleshlord hits you with a +9 great mace!!!!!
Ouch! That really hurt!
* * * LOW HITPOINT WARNING * * *
The fleshlord gestures wildly while chanting.
The fleshlord seems to speed up.
The fleshlord is engulfed in poison gas.
The fleshlord is poisoned.
The fleshlord hits you with a +9 great mace!!!!!!
Ouch! That really hurt!
You die... ooo...% .. oooo. ... #.... ..# .. #D.o ..# . .z.###o2. ..###oL ..op.oo.###Szxzp. #..ozo%oO_)Xpox..

oX§o#CCp))#§...
C #_)o@_# §
#.)p))#
..o.p%_oxoo.
§.....###pSCoo.
.###... .§###.p
#p.. .%# o #...
..# .. ..p


You could see a meat beast, a tyrant, an eight-headed meat hydra, 2 scourges, 10
fleshlords, 3 sculptors of flesh, 3 large bags of meat, a large abomination, a
meat berserker (berserk) and 16 bags of meat.

Vanquished Creatures
  Edmund (D)
  17 hell beasts (D)
  11 greater mummies (D)
  102 orcs (D)
  12 phantoms (D)
  11 hill giants (D)
  11 skeletal warriors (D)
  13 great orbs of eyes (D)
  8 sea snakes (D)
  7 wraiths (D)
  5 large abominations (D)
  Harold (D)
  16 small abominations (D)
  36 crawling corpses (D)
  Sigmund (D)
  21 vampire knights (D)
  59 ogres (D)
  11 liches (D)
  7 hydras (D)
350 creatures vanquished.

Vanquished Creatures (others)
  A small abomination (D)
  22 crawling corpses (D)
23 creatures vanquished.

Grand Total: 373 creatures vanquished

Notes
Turn   | Place    | Note
--------------------------------------------------------------
     0 | D        | nuthulu the Ghoul Monk began the quest for the Orb.
     0 | D        | Reached XP level 1. HP: 19/19 MP: 0/0
     3 | D        | Noticed a bag of meat
     3 | D        | Noticed a bag of meat
     4 | D        | Became a worshipper of Makhleb the Destroyer
     4 | D        | Acquired Makhleb's first power
     4 | D        | Acquired Makhleb's second power
     5 | D        | Noticed a bag of meat
     5 | D        | Killed a bag of meat
     5 | D        | Reached skill level 15 in Fighting
     5 | D        | Reached XP level 2. HP: 22/49 MP: 1/1
     5 | D        | Reached XP level 3. HP: 25/56 MP: 2/2
     5 | D        | Reached XP level 4. HP: 28/63 MP: 3/3
     5 | D        | Reached XP level 5. HP: 31/70 MP: 4/4
     5 | D        | Reached XP level 6. HP: 34/78 MP: 5/5
     5 | D        | Reached XP level 7. HP: 36/84 MP: 6/6
     5 | D        | Reached XP level 8. HP: 39/93 MP: 7/7
     5 | D        | Reached XP level 9. HP: 41/100 MP: 8/8
     5 | D        | Reached XP level 10. HP: 43/107 MP: 9/9
     5 | D        | Reached XP level 11. HP: 45/114 MP: 10/10
     5 | D        | Reached XP level 12. HP: 48/122 MP: 11/11
     6 | D        | Noticed a meat berserker
     8 | D        | Noticed a meat berserker
     9 | D        | Killed a meat berserker
     9 | D        | Reached skill level 19 in Fighting
     9 | D        | Reached XP level 13. HP: 50/139 MP: 12/12
     9 | D        | Reached XP level 14. HP: 52/147 MP: 13/13
    10 | D        | Noticed a meat berserker
    10 | D        | Killed a bag of meat
    10 | D        | Acquired Makhleb's third power
    10 | D        | Reached skill level 20 in Fighting
    10 | D        | Killed a meat berserker
    10 | D        | Reached skill level 22 in Fighting
    10 | D        | Reached XP level 15. HP: 93/162 MP: 14/14
    11 | D        | Noticed a meat berserker
    12 | D        | Killed a meat berserker
    12 | D        | Acquired Makhleb's fourth power
    12 | D        | Reached skill level 24 in Fighting
    12 | D        | Reached XP level 16. HP: 98/176 MP: 15/15
    14 | D        | Killed a meat berserker
    14 | D        | Reached skill level 26 in Fighting
    14 | D        | Reached XP level 17. HP: 170/188 MP: 16/16
    16 | D        | Noticed a meat berserker
    17 | D        | Noticed a meat berserker
    18 | D        | Noticed a meat berserker
    19 | D        | Noticed a bag of meat
    20 | D        | Noticed a large bag of meat
    20 | D        | Killed a meat berserker
    20 | D        | Reached skill level 27 in Fighting
    21 | D        | Killed a meat berserker
    21 | D        | Acquired Makhleb's fifth power
    21 | D        | Reached XP level 18. HP: 200/200 MP: 17/17
    21 | D        | Killed a meat berserker
    22 | D        | Noticed a meat berserker
    22 | D        | Noticed a meat berserker
    24 | D        | Noticed a bag of meat
    24 | D        | Killed a large bag of meat
    24 | D        | Reached skill level 27 in Axes
    24 | D        | Reached skill level 27 in Armour
    24 | D        | Reached skill level 27 in Dodging
    24 | D        | Reached skill level 5 in Invocations
    24 | D        | Reached XP level 19. HP: 207/207 MP: 17/24
    25 | D        | Killed a meat berserker
    25 | D        | Killed a bag of meat
    25 | D        | Reached skill level 10 in Spellcasting
    27 | D        | Killed a meat berserker
    27 | D        | Reached XP level 20. HP: 216/216 MP: 17/35
    28 | D        | Noticed a bag of meat
    30 | D        | Noticed a meat berserker
    30 | D        | Killed a bag of meat
    32 | D        | Noticed a bag of meat
    32 | D        | Killed a bag of meat
    32 | D        | Reached skill level 15 in Throwing
    32 | D        | Noticed a bag of meat
    34 | D        | Noticed a bag of meat
    34 | D        | Killed a meat berserker
    35 | D        | Noticed a bag of meat
    36 | D        | Noticed a meat berserker
    36 | D        | Noticed a destroyer
    36 | D        | Killed a bag of meat
    36 | D        | Reached XP level 21. HP: 224/224 MP: 19/40
    37 | D        | Noticed a bag of meat
    38 | D        | Noticed a destroyer
    38 | D        | Noticed a large bag of meat
    38 | D        | Noticed a destroyer
    38 | D        | Killed a bag of meat
    39 | D        | Noticed a meat berserker
    39 | D        | Noticed a large bag of meat
    40 | D        | Noticed a meat berserker
    40 | D        | Killed a destroyer
    40 | D        | Killed a bag of meat
    41 | D        | Noticed a bag of meat
    41 | D        | Killed a meat berserker
    41 | D        | Reached skill level 27 in Stealth
    41 | D        | Reached XP level 22. HP: 233/233 MP: 20/45
    42 | D        | Noticed The Servant
    42 | D        | Killed a meat berserker
    42 | D        | Reached skill level 27 in Unarmed Combat
    42 | D        | Reached skill level 27 in Invocations
    42 | D        | Noticed a destroyer
    43 | D        | Noticed a bag of meat
    43 | D        | Noticed a sculptor of flesh
    43 | D        | Killed a bag of meat
    43 | D        | Killed a meat berserker
    43 | D        | Reached skill level 27 in Throwing
    43 | D        | Reached XP level 23. HP: 240/240 MP: 20/51
    43 | D        | Killed a destroyer
    43 | D        | Reached skill level 27 in Spellcasting
    44 | D        | Noticed a bag of meat
    44 | D        | Noticed a destroyer
    44 | D        | Killed a destroyer
    44 | D        | Killed a bag of meat
    44 | D        | Reached XP level 24. HP: 249/249 MP: 21/53
    45 | D        | Noticed a bag of meat
    46 | D        | Noticed a bag of meat
    46 | D        | Noticed a bag of meat
    46 | D        | Noticed a destroyer
    46 | D        | Noticed a sculptor of flesh
    46 | D        | Killed a destroyer
    47 | D        | Noticed a meat berserker
    47 | D        | Noticed a destroyer
    48 | D        | Noticed a bag of meat
    48 | D        | Noticed a bag of meat
    48 | D        | Killed The Servant
    48 | D        | Reached XP level 25. HP: 220/257 MP: 22/53
    48 | D        | Killed a large bag of meat
    48 | D        | Killed a bag of meat
    49 | D        | Noticed a bag of meat
    49 | D        | Noticed a meat berserker
    49 | D        | Noticed an accursed
    49 | D        | Noticed a meat berserker
    49 | D        | Killed a destroyer
    49 | D        | Killed a bag of meat
    50 | D        | Noticed a meat berserker
    50 | D        | Killed a bag of meat
    50 | D        | Killed a bag of meat
    51 | D        | Noticed a bag of meat
    51 | D        | Noticed a bag of meat
    51 | D        | Noticed a bag of meat
    51 | D        | Noticed a sculptor of flesh
    51 | D        | Killed a large bag of meat
    51 | D        | Reached XP level 26. HP: 257/266 MP: 23/53
    52 | D        | Noticed a sculptor of flesh
    52 | D        | Killed a destroyer
    53 | D        | Noticed a bag of meat
    53 | D        | Noticed a bag of meat
    53 | D        | Noticed a meat berserker
    53 | D        | Noticed a meat berserker
    53 | D        | Killed a meat berserker
    54 | D        | Killed a meat berserker
    54 | D        | Killed a bag of meat
    54 | D        | Reached XP level 27. HP: 273/273 MP: 23/53
    55 | D        | Noticed a bag of meat
    55 | D        | Noticed a meat berserker
    55 | D        | Killed a meat berserker
    55 | D        | Killed a bag of meat
    56 | D        | Noticed a destroyer
    56 | D        | Noticed an accursed
    56 | D        | Killed a destroyer
    56 | D        | Killed a meat berserker
    57 | D        | Noticed a bag of meat
    57 | D        | Noticed a meat berserker
    57 | D        | Killed a bag of meat
    57 | D        | Killed a bag of meat
    58 | D        | Killed a meat berserker
    59 | D        | Noticed a bag of meat
    59 | D        | Killed a sculptor of flesh
    59 | D        | Killed a meat berserker
    59 | D        | Killed a bag of meat
    60 | D        | Noticed a bag of meat
    60 | D        | Noticed a bag of meat
    61 | D        | Noticed a meat beast
    61 | D        | Killed a bag of meat
    62 | D        | Noticed a meat berserker
    62 | D        | Noticed a bag of meat
    62 | D        | Noticed a meat berserker
    62 | D        | Killed a sculptor of flesh
    62 | D        | Killed a bag of meat
    63 | D        | Killed a bag of meat
    64 | D        | Noticed a meat beast
    64 | D        | Killed a bag of meat
    65 | D        | Noticed a bag of meat
    65 | D        | Killed a meat beast
    65 | D        | Killed a bag of meat
    65 | D        | Killed a meat berserker
    66 | D        | Killed a bag of meat
    67 | D        | Noticed a meat berserker
    67 | D        | Noticed The Captor
    67 | D        | Noticed a large bag of meat
    67 | D        | Killed an accursed
    67 | D        | Killed a bag of meat
    68 | D        | Noticed an accursed
    68 | D        | Noticed a dread
    68 | D        | Killed a meat berserker
    69 | D        | Killed a meat berserker
    69 | D        | Killed a bag of meat
    70 | D        | Killed a meat beast
    70 | D        | Killed a dread
    70 | D        | Killed a bag of meat
    71 | D        | Killed a bag of meat
    71 | D        | Killed a bag of meat
    72 | D        | Noticed a bag of meat
    74 | D        | Noticed a meat beast
    74 | D        | Killed a bag of meat
    74 | D        | Killed a meat berserker
    74 | D        | Killed an accursed
    74 | D        | Killed a bag of meat
    75 | D        | Noticed a bag of meat
    75 | D        | Killed a sculptor of flesh
    76 | D        | Noticed a meat berserker
    76 | D        | Noticed a meat berserker
    76 | D        | Killed a sculptor of flesh
    77 | D        | Noticed a bag of meat
    78 | D        | Noticed a sculptor of flesh
    78 | D        | Noticed a sculptor of flesh
    78 | D        | Killed a meat beast
    78 | D        | Killed a large bag of meat
    79 | D        | Noticed a meat berserker
    79 | D        | Noticed a destroyer
    80 | D        | Noticed a bag of meat
    80 | D        | Noticed a bag of meat
    80 | D        | Noticed a meat beast
    80 | D        | Noticed a meat beast
    80 | D        | Noticed a meat berserker
    80 | D        | Killed The Captor
    80 | D        | Killed a meat berserker
    81 | D        | Noticed a bag of meat
    81 | D        | Noticed a bag of meat
    81 | D        | Noticed a meat beast
    81 | D        | Killed a meat berserker
    81 | D        | Killed a meat beast
    81 | D        | Killed a destroyer
    82 | D        | Noticed a bag of meat
    82 | D        | Noticed a large bag of meat
    82 | D        | Noticed a dread
    82 | D        | Noticed a dread
    82 | D        | Killed a bag of meat
    83 | D        | Noticed a meat berserker
    83 | D        | Noticed a meat beast
    83 | D        | Killed a destroyer
    84 | D        | Noticed a meat berserker
    84 | D        | Noticed a bag of meat
    84 | D        | Noticed a meat berserker
    84 | D        | Noticed a meat berserker
    84 | D        | Noticed an accursed
    84 | D        | Noticed a bag of meat
    84 | D        | Killed a meat beast
    85 | D        | Noticed a bag of meat
    85 | D        | Noticed a bag of meat
    85 | D        | Noticed a large bag of meat
    85 | D        | Killed an accursed
    85 | D        | Killed a meat beast
    86 | D        | Noticed a large bag of meat
    86 | D        | Noticed a meat berserker
    86 | D        | Noticed a tyrant
    87 | D        | Noticed a bag of meat
    87 | D        | Noticed an accursed
    87 | D        | Noticed a bag of meat
    87 | D        | Noticed a bag of meat
    87 | D        | Noticed a meat berserker
    87 | D        | Noticed a meat berserker
    87 | D        | Noticed a meat berserker
    87 | D        | Noticed a bag of meat
    87 | D        | Noticed a meat beast
    87 | D        | Killed a meat berserker
    87 | D        | Killed a meat beast
    87 | D        | Killed a meat berserker
    88 | D        | Noticed a meat beast
    88 | D        | Noticed a meat berserker
    88 | D        | Noticed a sculptor of flesh
    88 | D        | Noticed an accursed
    88 | D        | Killed a meat berserker
    88 | D        | Killed a meat berserker
    89 | D        | Noticed a meat beast
    89 | D        | Noticed a bag of meat
    89 | D        | Noticed a meat berserker
    89 | D        | Noticed a bag of meat
    89 | D        | Noticed a bag of meat
    89 | D        | Noticed a meat berserker
    89 | D        | Noticed a destroyer
    89 | D        | Killed a meat berserker
    89 | D        | Killed a meat berserker
    90 | D        | Noticed a meat berserker
    90 | D        | Killed a dread
    91 | D        | Noticed a tyrant
    91 | D        | Noticed a bag of meat
    91 | D        | Noticed a meat berserker
    91 | D        | Noticed a bag of meat
    91 | D        | Noticed a bag of meat
    91 | D        | Noticed a meat berserker
    91 | D        | Noticed a meat berserker
    91 | D        | Noticed a meat berserker
    91 | D        | Noticed a meat beast
    91 | D        | Noticed a tyrant
    91 | D        | Noticed a large bag of meat
    91 | D        | Killed a destroyer
    92 | D        | Noticed a meat beast
    92 | D        | Noticed a bag of meat
    92 | D        | Noticed a dread
    93 | D        | Noticed a meat beast
    93 | D        | Noticed a bag of meat
    93 | D        | Noticed a bag of meat
    93 | D        | Killed a meat berserker
    93 | D        | Killed a meat berserker
    93 | D        | Killed a meat berserker
    94 | D        | Noticed a bag of meat
    94 | D        | Noticed a bag of meat
    94 | D        | Noticed a bag of meat
    94 | D        | Noticed a bag of meat
    94 | D        | Noticed a tyrant
    94 | D        | Noticed a bag of meat
    94 | D        | Noticed a meat beast
    94 | D        | Killed a meat berserker
    94 | D        | Killed a meat berserker
    94 | D        | Killed a tyrant
    94 | D        | Killed a meat beast
    95 | D        | Noticed a meat berserker
    95 | D        | Noticed a bag of meat
    95 | D        | Noticed a meat berserker
    95 | D        | Noticed a dread
    95 | D        | Noticed a sculptor of flesh
    95 | D        | Killed an accursed
    95 | D        | Killed a meat berserker
    95 | D        | Killed a large bag of meat
    95 | D        | Killed a meat berserker
    96 | D        | Noticed a bag of meat
    96 | D        | Noticed a meat berserker
    96 | D        | Noticed a bag of meat
    96 | D        | Noticed a bag of meat
    96 | D        | Killed a meat berserker
    96 | D        | Killed a meat beast
    97 | D        | Noticed a meat berserker
    97 | D        | Noticed a meat berserker
    97 | D        | Noticed a bag of meat
    97 | D        | Noticed a destroyer
    97 | D        | Killed a meat beast
    97 | D        | Killed a bag of meat
    97 | D        | Killed a bag of meat
    98 | D        | Noticed a dread
    98 | D        | Noticed a meat berserker
    98 | D        | Killed a meat berserker
    98 | D        | Killed a wretched soul
    99 | D        | Noticed a bag of meat
    99 | D        | Noticed a meat berserker
    99 | D        | Noticed a bag of meat
    99 | D        | Killed a meat berserker
    99 | D        | Killed a wretched soul
    99 | D        | Killed a wretched soul
    99 | D        | Killed a bag of meat
    99 | D        | Killed a meat berserker
   100 | D        | Noticed a bag of meat
   100 | D        | Noticed a meat berserker
   100 | D        | Noticed a bag of meat
   100 | D        | Noticed a tyrant
   100 | D        | Noticed a meat berserker
   100 | D        | Noticed a bag of meat
   100 | D        | Noticed a bag of meat
   100 | D        | Noticed a meat berserker
   100 | D        | Noticed a meat beast
   100 | D        | Noticed a bag of meat
   100 | D        | Noticed a bag of meat
   100 | D        | Noticed a bag of meat
   100 | D        | Noticed a bag of meat
   100 | D        | Noticed a bag of meat
   100 | D        | Noticed a bag of meat
   100 | D        | Noticed a bag of meat
   100 | D        | Noticed a bag of meat
   100 | D        | Noticed a destroyer
   100 | D        | Noticed a large bag of meat
   100 | D        | Noticed a sculptor of flesh
   100 | D        | Noticed a sculptor of flesh
   100 | D        | Noticed a meat beast
   101 | D        | Noticed a bag of meat
   101 | D        | Noticed an accursed
   101 | D        | Noticed a destroyer
   101 | D        | Noticed a large bag of meat
   101 | D        | Noticed a tyrant
   101 | D        | Noticed a tyrant
   101 | D        | Noticed a sculptor of flesh
   101 | D        | Killed a tyrant
   101 | D        | Killed a bag of meat
   101 | D        | Killed a bag of meat
   101 | D        | Killed a tyrant
   101 | D        | Killed a meat berserker
   101 | D        | Killed a sculptor of flesh
   101 | D        | Killed a bag of meat
   102 | D        | Noticed a bag of meat
   102 | D        | Killed a dread
   102 | D        | Killed a bag of meat
   102 | D        | Killed a bag of meat
   102 | D        | Killed a destroyer
   102 | D        | Killed a meat berserker
   103 | D        | Noticed a tyrant
   103 | D        | Noticed a meat berserker
   103 | D        | Noticed a tyrant
   103 | D        | Noticed a meat berserker
   103 | D        | Noticed a bag of meat
   103 | D        | Noticed an accursed
   103 | D        | Noticed a bag of meat
   103 | D        | Noticed a dread
   103 | D        | Killed a bag of meat
   103 | D        | Killed a meat berserker
   103 | D        | Killed an observer
   103 | D        | Killed a meat berserker
   103 | D        | Killed a large bag of meat
   104 | D        | Noticed a bag of meat
   104 | D        | Noticed a bag of meat
   104 | D        | Noticed a bag of meat
   104 | D        | Noticed a destroyer
   104 | D        | Killed a meat berserker
   104 | D        | Killed a bag of meat
   104 | D        | Killed a bag of meat
   105 | D        | Noticed a bag of meat
   105 | D        | Noticed a bag of meat
   105 | D        | Killed a bag of meat
   105 | D        | Killed a dread
   105 | D        | Killed a meat berserker
   105 | D        | Killed a bag of meat
   105 | D        | Killed a bag of meat
   105 | D        | Killed a meat berserker
   105 | D        | Killed a meat berserker
   106 | D        | Noticed a meat berserker
   106 | D        | Killed a dread
   106 | D        | Killed an observer
   106 | D        | Killed a bag of meat
   107 | D        | Noticed a bag of meat
   107 | D        | Noticed a meat berserker
   107 | D        | Killed a bag of meat
   107 | D        | Killed a tyrant
   107 | D        | Killed a bag of meat
   107 | D        | Killed a destroyer
   108 | D        | Noticed a meat beast
   108 | D        | Noticed a bag of meat
   108 | D        | Killed an accursed
   108 | D        | Killed a tyrant
   108 | D        | Killed a meat beast
   108 | D        | Killed a bag of meat
   109 | D        | Noticed a destroyer
   109 | D        | Killed a bag of meat
   109 | D        | Killed a bag of meat
   109 | D        | Killed a large bag of meat
   109 | D        | Killed a meat berserker
   109 | D        | Killed a wretched soul
   109 | D        | Killed a bag of meat
   110 | D        | Noticed a sculptor of flesh
   110 | D        | Killed a meat berserker
   110 | D        | Killed a meat beast
   111 | D        | Noticed a destroyer
   111 | D        | Noticed an accursed
   111 | D        | Noticed a bag of meat
   111 | D        | Noticed a sculptor of flesh
   111 | D        | Noticed a destroyer
   111 | D        | Killed a destroyer
   111 | D        | Killed an observer
   111 | D        | Killed a meat beast
   111 | D        | Killed a wretched soul
   111 | D        | Killed a meat berserker
   111 | D        | Killed a wretched soul
   112 | D        | Noticed a bag of meat
   112 | D        | Noticed an accursed
   112 | D        | Noticed a bag of meat
   112 | D        | Noticed The Defiler
   112 | D        | Killed a destroyer
   112 | D        | Killed a meat beast
   112 | D        | Killed a meat beast
   113 | D        | Noticed a bag of meat
   113 | D        | Noticed a destroyer
   113 | D        | Noticed a bag of meat
   113 | D        | Killed a bag of meat
   113 | D        | Killed a bag of meat
   113 | D        | Killed a sculptor of flesh
   113 | D        | Killed a meat berserker
   113 | D        | Killed a bag of meat
   113 | D        | Killed an observer
   113 | D        | Killed an observer
   114 | D        | Noticed a tyrant
   114 | D        | Noticed a bag of meat
   114 | D        | Noticed a meat berserker
   114 | D        | Noticed a bag of meat
   114 | D        | Noticed a large bag of meat
   114 | D        | Killed a bag of meat
   114 | D        | Killed a destroyer
   115 | D        | Noticed a bag of meat
   115 | D        | Noticed a bag of meat
   115 | D        | Noticed a large bag of meat
   115 | D        | Noticed a tyrant
   115 | D        | Killed a bag of meat
   115 | D        | Killed a bag of meat
   115 | D        | Killed an observer
   115 | D        | Killed a large bag of meat
   115 | D        | Killed a wretched soul
   116 | D        | Noticed a bag of meat
   116 | D        | Noticed a bag of meat
   116 | D        | Killed a meat beast
   116 | D        | Killed a wretched soul
   116 | D        | Killed a meat berserker
   117 | D        | Noticed a bag of meat
   117 | D        | Killed a meat beast
   117 | D        | Killed a bag of meat
   117 | D        | Killed a dread
   117 | D        | Killed a wretched soul
   117 | D        | Killed a bag of meat
   117 | D        | Killed a meat berserker
   118 | D        | Noticed a large bag of meat
   118 | D        | Noticed a bag of meat
   118 | D        | Noticed a bag of meat
   118 | D        | Killed a large bag of meat
   118 | D        | Killed a bag of meat
   118 | D        | Killed a bag of meat
   118 | D        | Killed a wretched soul
   119 | D        | Noticed a bag of meat
   119 | D        | Noticed a bag of meat
   119 | D        | Killed a bag of meat
   119 | D        | Killed a bag of meat
   120 | D        | Noticed a bag of meat
   120 | D        | Noticed a bag of meat
   120 | D        | Killed a meat berserker
   120 | D        | Killed an observer
   120 | D        | Killed a wretched soul
   120 | D        | Killed a bag of meat
   120 | D        | Killed a bag of meat
   121 | D        | Noticed a bag of meat
   121 | D        | Killed a sculptor of flesh
   121 | D        | Killed a wretched soul
   121 | D        | Killed a meat berserker
   121 | D        | Killed a bag of meat
   122 | D        | Noticed a bag of meat
   122 | D        | Killed an accursed
   122 | D        | Killed a bag of meat
   123 | D        | Noticed a bag of meat
   123 | D        | Noticed a bag of meat
   123 | D        | Noticed a bag of meat
   123 | D        | Noticed a bag of meat
   123 | D        | Killed a sculptor of flesh
   123 | D        | Killed a tyrant
   123 | D        | Killed a bag of meat
   124 | D        | Noticed a bag of meat
   124 | D        | Killed The Defiler
   124 | D        | Killed a tyrant
   124 | D        | Killed a tyrant
   125 | D        | Noticed a bag of meat
   125 | D        | Noticed a bag of meat
   125 | D        | Noticed a destroyer
   125 | D        | Noticed an accursed
   125 | D        | Killed an accursed
   125 | D        | Killed a bag of meat
   125 | D        | Killed a bag of meat
   126 | D        | Killed a bag of meat
   126 | D        | Killed an accursed
   126 | D        | Killed a tyrant
   126 | D        | Killed a bag of meat
   126 | D        | Killed a bag of meat
   126 | D        | Killed a sculptor of flesh
   127 | D        | Noticed a bag of meat
   127 | D        | Killed a destroyer
   127 | D        | Killed a destroyer
   127 | D        | Killed an observer
   127 | D        | Killed a bag of meat
   128 | D        | Noticed a large bag of meat
   128 | D        | Noticed a sculptor of flesh
   128 | D        | Killed a destroyer
   128 | D        | Killed a bag of meat
   128 | D        | Killed a bag of meat
   128 | D        | Killed a bag of meat
   128 | D        | Killed a large bag of meat
   129 | D        | Killed a bag of meat
   129 | D        | Killed a meat berserker
   130 | D        | Noticed a bag of meat
   130 | D        | Noticed a bag of meat
   130 | D        | Killed an observer
   130 | D        | Killed a bag of meat
   130 | D        | Killed an observer
   131 | D        | Noticed a bag of meat
   131 | D        | Noticed an accursed
   131 | D        | Killed an accursed
   131 | D        | Killed a bag of meat
   131 | D        | Killed an accursed
   131 | D        | Killed an observer
   131 | D        | Killed a tyrant
   132 | D        | Noticed a bag of meat
   132 | D        | Noticed a bag of meat
   132 | D        | Killed a bag of meat
   132 | D        | Killed a bag of meat
   132 | D        | Killed a bag of meat
   132 | D        | Killed a destroyer
   133 | D        | Noticed a bag of meat
   133 | D        | Killed a tyrant
   133 | D        | Killed an observer
   134 | D        | Noticed a bag of meat
   134 | D        | Noticed a fleshlord
   134 | D        | Noticed a bag of meat
   134 | D        | Noticed a destroyer
   134 | D        | Killed a bag of meat
   134 | D        | Killed a sculptor of flesh
   135 | D        | Noticed a bag of meat
   135 | D        | Noticed a destroyer
   135 | D        | Killed a large bag of meat
   135 | D        | Killed a bag of meat
   135 | D        | Killed a bag of meat
   135 | D        | Killed a bag of meat
   135 | D        | Killed a bag of meat
   135 | D        | Killed a bag of meat
   136 | D        | Noticed a bag of meat
   136 | D        | Noticed a fleshlord
   136 | D        | Noticed a fleshlord
   136 | D        | Killed a bag of meat
   136 | D        | Killed a destroyer
   137 | D        | Killed a bag of meat
   137 | D        | Killed a bag of meat
   137 | D        | Killed a bag of meat
   138 | D        | Noticed a fleshlord
   138 | D        | Noticed a bag of meat
   138 | D        | Noticed a bag of meat
   138 | D        | Killed a sculptor of flesh
   138 | D        | Killed a bag of meat
   138 | D        | Killed a bag of meat
   139 | D        | Noticed a dread
   139 | D        | Noticed a fleshlord
   139 | D        | Noticed a fleshlord
   139 | D        | Noticed a meat berserker
   139 | D        | Noticed a bag of meat
   139 | D        | Noticed a bag of meat
   139 | D        | Killed an observer
   139 | D        | Killed a bag of meat
   140 | D        | Noticed a fleshlord
   140 | D        | Noticed a fleshlord
   140 | D        | Noticed a fleshlord
   140 | D        | Noticed a bag of meat
   140 | D        | Noticed a bag of meat
   140 | D        | Noticed a bag of meat
   140 | D        | Noticed a bag of meat
   140 | D        | Killed an accursed
   140 | D        | Killed a bag of meat
   140 | D        | Killed a bag of meat
   140 | D        | Killed a bag of meat
   141 | D        | Noticed a fleshlord
   141 | D        | Noticed a fleshlord
   141 | D        | Noticed a fleshlord
   141 | D        | Noticed a meat beast
   141 | D        | Noticed a tyrant
   141 | D        | Killed a dread
   141 | D        | Killed a destroyer
   141 | D        | HP: 9/273 [fleshlord/+9 great mace (264)]
   141 | D        | Annihilated by a fleshlord

Vault maps used:
D:        meatsprint

Action                   |  1- 3 |  4- 6 |  7- 9 | 10-12 | 13-15 | 16-18 | 19-21 | 22-24 | 25-27 || total
-------------------------+-------+-------+-------+-------+-------+-------+-------+-------+-------++-------
Melee: Executioner's axe |     1 |       |       |     1 |     2 |     4 |     9 |     5 |    87 ||   109
 Stab: Held in net/web   |       |       |       |       |       |       |       |       |     3 ||     3
